 Dungeon Crawl Stone Soup version 0.28-a0-479-g5baa6b73be (webtiles) character file.

Game seed: 11210109486318686620

39916 Dabor the Protected (level 14, -10/115 HPs)
             Began as a Formicid Abyssal Knight on Sept 19, 2021.
             Was a High Priest of Lugonu.
             Mangled by an azure jelly (43 damage)
             ... on level 5 of the Lair of Beasts.
             The game lasted 01:12:07 (22610 turns).

Dabor the Protected (Formicid Abyssal Knight)      Turns: 22610, Time: 01:12:07

Health: -10/115    AC: 22    Str: 20    XL:     14   Next: 42%
Magic:  14/22      EV: 21    Int: 12    God:    Lugonu [*****.]
Gold:   2252       SH: 13    Dex: 16    Spells: 13/13 levels left

rFire   + . .      SeeInvis +   d - +11 trident "Arcanum" {vorpal, rElec Will+}
rCold   . . .      Faith    .   U - +0 tower shield
rNeg    + . .      Spirit   .   w - +1 plate armour
rPois   +          Reflect  .   (helmet unavailable)
rElec   +          Harm     .   S - +3 cloak of Cuttoqez {rPois Regen+ Dex+4}
rCorr   .          Rampage  .   (no gloves)
Will    ++...                   T - +0 pair of boots
Stlth   ..........              p - amulet of the acrobat
HPRegen 1.29/turn               s - ring of positive energy
MPRegen 0.18/turn               N - ring of protection from fire

@: acrobatic
A: permanent stasis, dig shafts and tunnels, antennae 3, four strong arms
a: Dig, Shaft Self, Renounce Religion, Depart the Abyss, Bend Space, Banish,
Corrupt, Enter the Abyss


You were on level 5 of the Lair of Beasts.
You worshipped Lugonu.
Lugonu was extremely pleased with you.
You visited 2 branches of the dungeon, and saw 17 of its levels.
You visited the Abyss 1 time.
You also visited: Ice Cave.

You collected 2252 gold pieces.

Inventory:

Hand Weapons
 d - the +11 trident "Arcanum" (weapon) {vorpal, rElec Will+}
   (You found it on level 2 of the Abyss)

   It inflicts extra damage upon your enemies.
   rElec:     It insulates you from electricity.
   Will:      It increases your willpower.
Missiles
 f - 3 silver boomerangs
 h - 3 curare-tipped darts
 o - 11 boomerangs
 q - 8 silver javelins
 v - 9 atropa-tipped darts
 G - 3 throwing nets
 K - 24 poisoned darts (quivered)
Armour
 b - a +1 scale mail of cold resistance
 u - a scarf of resistance
 w - a +1 plate armour (worn)
 S - the +3 cloak of Cuttoqez (worn) {rPois Regen+ Dex+4}
   (You acquired it in an ice cave)

   Dex:       It affects your dexterity (+4).
   rPois:     It protects you from poison.
   Regen:     It increases your rate of health regeneration.
 T - a +0 pair of boots (worn)
 U - a +0 tower shield (worn)
Jewellery
 p - an amulet of the acrobat (around neck)
 s - a ring of positive energy (left hand)
 x - an amulet of reflection
 y - a ring of positive energy
 N - a ring of protection from fire (right hand)
 P - an amulet of faith
Wands
 a - a wand of charming (5)
 c - a wand of digging (10)
 j - a wand of flame (57)
 m - a wand of paralysis (33)
 r - a wand of acid (13)
 B - a wand of polymorph (14)
 E - a wand of iceblast (34)
Scrolls
 e - 2 scrolls of noise
 l - 5 scrolls of amnesia
 n - 2 scrolls of brand weapon
 I - a scroll of identify
 Q - a scroll of enchant weapon
Potions
 g - 2 potions of lignification
 i - 2 potions of haste
 k - 4 potions of brilliance
 A - a potion of degeneration {unknown}
 C - a potion of ambrosia
 D - a potion of berserk rage {unknown}
 H - 5 potions of attraction
 J - a potion of might {unknown}
 L - 2 potions of flight
 M - 2 potions of heal wounds {unknown}
 R - a potion of resistance {unknown}
Miscellaneous
 z - a phantom mirror (inert)
 O - a piece from Xom's chessboard (15/15)


   Skills:
 * Level 12.1 Fighting
 * Level 11.5 Polearms
 - Level 4.1 Throwing
 * Level 12.5 Armour
 + Level 7.4 Dodging
 + Level 2.9 Shields
 * Level 11.6 Invocations
 - Level 5.0 Evocations


You had 13 spell levels left.
You didn't know any spells.
Your spell library contained the following spells:

 Spells                   Type           Power      Damage    Failure   Level
 Foxfire                  Conj/Fire      0%         2x1d4     100%        1
 Magic Dart               Conj           0%         1d3       100%        1
 Searing Ray              Conj           0%         2d4       100%        2
 Wereblood                Tmut           0%         N/A       100%        2
 Conjure Flame            Conj/Fire      0%         6-21      100%        3
 Gell's Gravitas          Tloc           0%         N/A       100%        3
 Inner Flame              Hex/Fire       0%         N/A       100%        3
 Lesser Beckoning         Tloc           0%         N/A       100%        3
 Ozocubu's Armour         Ice            0%         N/A       100%        3
 Teleport Other           Tloc           0%         N/A       100%        3
 Flame Wave               Conj/Fire      0%         3d3       100%        4
 Fulminant Prism          Conj/Hex       0%         3d6       100%        4
 Manifold Assault         Tloc           0%         N/A       100%        5
 Ozocubu's Refrigeration  Ice            0%         4d5       100%        7
 Storm Form               Tmut/Air       0%         N/A       100%        7
 Blink                    Tloc           Unusable   N/A       N/A         2

Dungeon Overview and Level Annotations

Branches:
Dungeon (12/15)            Temple (0/1) D:4            Lair (5/6) D:9
 Shoals (0/4) Lair:3       Spider (0/4) Lair:3        Slime (0/5) Lair:5
    Orc (0/2) D:12          IceCv (visited)

Altars:
Ashenzari
Cheibriados
Elyvilon
Fedhas
Gozag
Hepliaklqana
Nemelex Xobeh
Qazlal
Sif Muna
Trog
Uskayaw
Wu Jian
Xom
Yredelemnul
Zin
Jiyva

Annotations:
Lair:3 1 runed translucent door


Innate Abilities, Weirdness & Mutations

You cannot be hasted, slowed, berserked, paralysed or teleported.
You can dig through walls and to a lower floor.
You have a pair of large antennae on your head. (SInv)
Your four strong arms can wield two-handed weapons with a shield.


Message History

The azure jelly hits you!
* * * LOW HITPOINT WARNING * * *
You block the azure jelly's attack. You block the azure jelly's attack.
The azure jelly hits you but does no damage.
The azure jelly completely misses you. You block the azure jelly's attack.
Really walk into that dispersal trap?
You enter a dispersal trap!
The azure jelly blinks! x6
You feel a strange sense of stasis.
There is a dispersal trap here.
Press: ? - help, Shift-Dir - straight line, f - azure jelly, p - azure jelly
Aim: an azure jelly (chance to affect: 41%)
The azure jelly resists with some effort.
Lugonu is no longer ready to corrupt your weapon.
The azure jelly enters a dispersal trap!
You feel a strange sense of stasis.
The azure jelly blinks!
Space bends around you!
You blink.
The azure jelly hits you but does no damage. x2
You block the azure jelly's attack. The azure jelly hits you.
* * * LOW HITPOINT WARNING * * *
Space bends sharply around you!
The azure jelly blinks!
You blink.
Really walk into that dispersal trap?
You enter a dispersal trap!
The azure jelly blinks!
You feel a strange sense of stasis.
There is a dispersal trap here.
The azure jelly enters a dispersal trap!
The azure jelly blinks! x2; You feel a strange sense of stasis.
The azure jelly blinks!
Space bends sharply around you!
You blink.
Space bends sharply around you!
The azure jelly blinks!
The plant begins to die.
You blink.
You block the azure jelly's attack.
The azure jelly hits you but does no damage.
The azure jelly misses you. You block the azure jelly's attack.
Space bends around you!
You blink.
Space bends sharply around you!
You blink.
A nearby plant withers and dies.
The azure jelly hits you.
* * * LOW HITPOINT WARNING * * *
The azure jelly freezes you!!!
You die...

...P...## #..#.P.##.# ####..P..
..PPP...######.<..#.^## #.#....
...P......#?.........#########.#.
........#................#####+..
.......P#(..P...............#....
.......+....##P.......P.#........
..........#.#P....§...####.......
.........#.###PJJ...### #P.P>..[
........#####...@#...## ##.+P...
#..###### #.####..#.P# ##.....
...##**######.≈##.#.### ####....
#...##≈#...))##≈#.#.#.## #.##....
##..#≈##.._..#≈≈#+.....####..#...
##..#≈≈#≈≈≈≈≈≈≈##......#.#.......
..P.#≈≈≈≈≈≈≈≈≈###................
....##≈≈≈≈≈≈≈≈# #.......#....#...
....###≈≈≈≈≈≈## #......#...#...).


You could see 2 azure jellies.

Vanquished Creatures
  Harold (D:7)
  A boulder beetle (Lair:3)
  A hydra (Lair:4)
  3 catoblepae
  3 two-headed ogres
  7 death yaks (IceCv)
  A skeletal warrior (D:11)
  2 ugly things (D:11)
  2 cyclopes
  An elephant (D:9)
  Joseph (D:7)
  3 black mambas
  An ice statue (IceCv)
  11 cane toads
  6 rime drakes
  An unseen horror (D:10)
  3 komodo dragons
  2 hornets
  12 blink frogs
  5 polar bears (IceCv)
  A redback (Lair:2)
  2 wraiths
  46 yaks
  4 basilisks
  2 wyverns
  2 vampire mosquitoes (D:11)
  2 water moccasins
  A necrophage (D:4)
  9 wolves (IceCv)
  7 orc warriors
  An ogre (D:6)
  5 black bears
  11 centaurs
  2 kobold brigands
  14 bullfrogs
  A gnoll sergeant (D:4)
  2 scorpions
  6 killer bees
  18 wights
  6 electric eels
  A gnoll shaman (D:8)
  5 hounds
  2 jellies
  2 centaur skeletons
  Crazy Yiuf (D:7)
  11 orc priests
  A bullfrog skeleton (D:4)
  4 iguanas
  8 orc wizards
  A killer bee zombie (D:7)
  2 hound skeletons
  6 gnolls
  3 adders
  15 white imps
  2 worms (D:2)
  2 dart slugs (D:4)
  43 orcs
  3 ball pythons
  10 endoplasms
  4 giant cockroaches
  5 goblins
  6 hobgoblins
  11 jackals
  17 kobolds
  2 quokkas
  7 bats
  6 frilled lizards
  5 rats
  2 butterflies (Lair:2)
396 creatures vanquished.

Vanquished Creatures (others)
  A polar bear (IceCv)
  A wolf (IceCv)
  5 fungi
  21 plants
  10 toadstools (Lair:3)
38 creatures vanquished.

Grand Total: 434 creatures vanquished

Notes
Turn   | Place    | Note
-------+----------+-------------------------------------------
     0 | Abyss:1  | Dabor the Formicid Abyssal Knight began the quest for the
                  | Orb.
     0 | Abyss:1  | Reached XP level 1. HP: 18/18 MP: 2/2
    50 | Abyss:1  | Noticed a large abomination
    50 | Abyss:1  | Noticed a large abomination
    58 | Abyss:1  | Noticed a wretched star
    63 | Abyss:1  | Noticed a ynoxinul
   100 | Abyss:2  | Noticed a large abomination
   100 | Abyss:2  | Noticed a large abomination
   101 | Abyss:2  | Identified the +11 trident "Arcanum" {vorpal, rElec Will+}
   103 | D:1      | Escaped the Abyss
   135 | D:1      | Reached skill level 1 in Dodging
   196 | D:1      | Reached XP level 2. HP: 13/24 MP: 3/3
   372 | D:1      | Reached * piety under Lugonu
   437 | D:1      | Reached XP level 3. HP: 29/29 MP: 4/4
  1196 | D:2      | Found a faded altar of an unknown god.
  1476 | D:2      | Reached XP level 4. HP: 36/37 MP: 6/6
  2090 | D:3      | Reached ** piety under Lugonu
  2383 | D:3      | Found a shimmering altar of Xom.
  2384 | D:3      | Found a shimmering altar of Xom.
  2384 | D:3      | Found a shimmering altar of Xom.
  2384 | D:3      | Found a shimmering altar of Xom.
  2511 | D:3      | Found a white marble altar of Elyvilon.
  2762 | D:4      | Reached XP level 5. HP: 34/42 MP: 7/7
  2940 | D:4      | Found a blossoming altar of Fedhas.
  2960 | D:4      | Reached XP level 6. HP: 48/48 MP: 8/8
  3370 | D:4      | Reached XP level 7. HP: 32/51 MP: 9/9
  3571 | D:4      | Found a staircase to the Ecumenical Temple.
  3604 | D:4      | Found a hazy altar of Hepliaklqana.
  3765 | D:4      | Found a stormy altar of Qazlal.
  4126 | D:5      | Entered Level 5 of the Dungeon
  4137 | D:5      | Reached skill level 5 in Armour
  4584 | D:4      | Reached skill level 1 in Shields
  4584 | D:4      | Reached XP level 8. HP: 49/61 MP: 11/11
  5187 | D:5      | Reached skill level 5 in Fighting
  5256 | D:5      | Reached skill level 5 in Polearms
  5390 | D:5      | Reached *** piety under Lugonu
  5859 | D:5      | Found a basalt altar of Yredelemnul.
  6332 | D:6      | Reached skill level 5 in Invocations
  6752 | D:6      | Found a hide-covered altar of Uskayaw.
  6766 | D:6      | Identified a scroll of acquirement
  6766 | D:6      | Acquired a scarf of resistance
  7012 | D:6      | Reached XP level 9. HP: 68/68 MP: 12/12
  7640 | D:7      | Noticed Joseph
  7655 | D:7      | Killed Joseph
  8011 | D:7      | Found a runed translucent door.
  8012 | D:7      | Noticed Crazy Yiuf
  8019 | D:7      | Killed Crazy Yiuf
  8122 | D:7      | Found a shimmering blue altar of Sif Muna.
  8132 | D:7      | Got Sif Muna's Volume of Changing
  8137 | D:7      | Found a bloodstained altar of Trog.
  8160 | D:7      | Noticed Harold
  8175 | D:7      | Killed Harold
  8176 | D:7      | Reached XP level 10. HP: 55/79 MP: 14/14
  8481 | D:7      | Found a glowing silver altar of Zin.
  8869 | D:8      | Found a snail-covered altar of Cheibriados.
  9074 | D:8      | Reached **** piety under Lugonu
  9298 | D:8      | Noticed a two-headed ogre
  9323 | D:8      | Killed a two-headed ogre
 10531 | D:9      | Found an opulent altar of Gozag.
 10537 | D:9      | Noticed a two-headed ogre
 10547 | D:9      | Killed a two-headed ogre
 10799 | D:9      | Reached skill level 5 in Dodging
 10802 | D:9      | Reached XP level 11. HP: 55/87 MP: 16/16
 10962 | D:9      | Found a staircase to the Lair.
 11056 | D:9      | Noticed an elephant
 11215 | D:9      | Killed an elephant
 11975 | D:9      | Reached ***** piety under Lugonu
 12648 | D:10     | Entered Level 10 of the Dungeon
 13106 | D:10     | Found an ornate altar of the Wu Jian Council.
 13172 | D:10     | Found a broken altar of Ashenzari.
 13172 | D:10     | Found a sparkling altar of Nemelex Xobeh.
 13351 | D:11     | Noticed a cyclops
 13363 | D:11     | Killed a cyclops
 13396 | D:11     | Acquired 1018 gold pieces
 13600 | D:11     | Noticed a seven-headed hydra
 13639 | D:11     | Banished a seven-headed hydra
 13640 | D:11     | Reached skill level 10 in Armour
 13924 | D:11     | Noticed a cyan ugly thing
 13935 | D:11     | Killed a cyan ugly thing
 14104 | D:11     | Noticed a two-headed ogre
 14109 | D:11     | Killed a two-headed ogre
 14225 | D:11     | Found a broken altar of Ashenzari.
 14287 | D:11     | Reached skill level 1 in Evocations
 14515 | D:11     | Reached skill level 1 in Throwing
 14611 | D:11     | Noticed a white ugly thing
 14625 | D:11     | Killed a white ugly thing
 14626 | D:11     | Reached XP level 12. HP: 23/97 MP: 18/18
 14942 | D:12     | Found a staircase to the Orcish Mines.
 15406 | D:12     | Noticed a skeletal warrior
 15411 | D:12     | Noticed a skeletal warrior
 15413 | D:12     | Noticed a skeletal warrior
 15413 | D:12     | Noticed a skeletal warrior
 15416 | D:12     | Noticed a skeletal warrior
 15451 | D:11     | Killed a skeletal warrior
 15452 | D:11     | Reached skill level 10 in Fighting
 16045 | D:11     | Banished a skeletal warrior
 16224 | Lair:1   | Entered Level 1 of the Lair of Beasts
 17485 | Lair:2   | Reached skill level 10 in Polearms
 17901 | Lair:2   | Noticed a catoblepas
 17927 | Lair:2   | Killed a catoblepas
 18538 | Lair:3   | Found a frozen archway.
 18646 | IceCv    | Entered an ice cave
 18719 | IceCv    | Noticed a death yak
 18731 | IceCv    | Killed a death yak
 18732 | IceCv    | Reached XP level 13. HP: 104/104 MP: 20/20
 18868 | IceCv    | Reached skill level 10 in Invocations
 18910 | IceCv    | Acquired the +3 cloak of Cuttoqez {rPois Regen+ Dex+4}
 19414 | IceCv    | Noticed an ironbound frostheart
 19414 | IceCv    | Noticed an ironbound frostheart
 19616 | Lair:3   | Found a staircase to the Shoals.
 19860 | Lair:3   | Noticed a four-headed hydra
 19860 | Lair:3   | Noticed a boulder beetle
 19892 | Lair:3   | Found a hole to the Spider Nest.
 20085 | Lair:3   | Killed a boulder beetle
 20487 | Lair:3   | Noticed a catoblepas
 20487 | Lair:3   | Noticed a catoblepas
 20505 | Lair:3   | Found a runed translucent door.
 20568 | Lair:3   | Killed a catoblepas
 20569 | Lair:3   | Reached XP level 14. HP: 109/113 MP: 22/22
 20596 | Lair:3   | Reached skill level 5 in Evocations
 21792 | Lair:5   | Found a shimmering altar of Xom.
 22133 | Lair:5   | Reached ****** piety under Lugonu
 22191 | Lair:5   | Found a runed translucent door.
 22192 | Lair:5   | Found a viscous altar of Jiyva.
 22192 | Lair:5   | Noticed an azure jelly
 22193 | Lair:5   | Found a staircase to the Slime Pits.
 22193 | Lair:5   | Noticed an azure jelly
 22610 | Lair:5   | Mangled by an azure jelly

Illustrated notes

Levels and vault maps discovered:
D:1:      lightli_molten_gateway, layout_loops_ring, minmay_statues_item
D:2:      layout_loops_corners, chequers_ecumenical_altar_island
D:3:      layout_loops_ring, xom_redecorated, elyvilon_altar_4
D:4:      layout_basic, mainiacjoe_overflow_alcove_1, marbit_many_paths,
          lemuel_doored_altar, minmay_temple_entry_water_ring,
          serial_bayou_pond_a
D:5:      layout_loops_ring, nicolae_overflow_crystal_walls
D:6:      layout_basic, mainiacjoe_overflow_small_starburst,
          chequers_serial_rivers_large_b, minmay_door_square,
          kennysheep_generic_room_13
D:7:      layout_basic, mainiacjoe_overflow_alcove_4,
          nzn_overflow_gifts_of_might_and_magic, uniq_crazy_yiuf_cottage,
          uniq_joseph, uniq_harold
D:8:      layout_loops_ring, amcnicky_altar_gilded
D:9:      layout_irregular_city, mainiacjoe_overflow_tiny_flanked,
          david_lair_generic
D:10:     layout_loops_cross, kennysheep_mini, mainiacjoe_overflow_divided_tiny
D:11:     layout_basic, evilmike_ruin_ashenzari
D:12:     layout_long_grid, orc_0_dummy, serial_shops, nicolae_shop_crystal,
          uniq_nergalle
Lair:1:   layout_loops_ring
Lair:2:   layout_roguey, grunt_megastairs_1, serial_bayou_shore_a,
          lemuel_fruit_fields
Lair:3:   gammafunk_lair_enchanted_lake, layout_gridlike,
          minmay_shoals_entry_centaurs, spider_nest_entry_webs,
          portal_ice_cave_entry_imps, nicolae_quartered_pool_medium,
          grunt_forest_stairs_basic
Lair:4:   layout_cave_pods, grunt_megastairs_5, lemuel_fruit_fields
Lair:5:   layout_roguey, slime_altar_2, lemuel_centaur_altar

Skill      XL: |  1  2  3  4  5  6  7  8  9 10 11 12 13 14 |
---------------+-------------------------------------------+-----
Dodging        | 1 2 3 4 5 6 7 |  7.4
Armour         | 3 4 5 6 7 9 10 11 12 | 12.5
Invocations    | 3 4 5 6 7 8 9 11 | 11.6
Polearms       | 3 4 5 6 8 9 10 11 | 11.5
Fighting       | 4 5 7 8 9 10 11 12 | 12.1
Shields        | 1 2 |  2.9
Evocations     | 1 3 4 5 |  5.0
Throwing       | 1 3 4 |  4.1

Action                   |  1- 3 |  4- 6 |  7- 9 | 10-12 | 13-15 || total
-------------------------+-------+-------+-------+-------+-------++-------
Melee: Trident           |    71 |    78 |   190 |   502 |   465 ||  1306
Throw: Dart              |       |       |       |   160 |    46 ||   206
       Boomerang         |       |       |       |     9 |       ||     9
Invok: Depart the Abyss  |     1 |       |       |       |       ||     1
       Bend Space        |       |       |       |     3 |    10 ||    13
       Banish            |       |       |       |     2 |     3 ||     5
 Abil: Dig               |     1 |     2 |     8 |     1 |    18 ||    30
Evoke: Wand              |       |       |     4 |     8 |     1 ||    13
       Phantom mirror    |       |       |       |       |     1 ||     1
  Use: Scroll            |       |       |    12 |    10 |     6 ||    28
       Potion            |       |       |     1 |     3 |       ||     4
 Stab: Distracted        |       |       |       |     1 |       ||     1
       Invisible         |       |       |       |     1 |       ||     1
Armor: Leather armour    |    16 |     3 |       |       |       ||    19
       Ring mail         |       |     8 |     4 |       |       ||    12
       Scale mail        |       |       |    21 |       |       ||    21
       Plate armour      |       |       |    15 |   165 |   213 ||   393
Dodge: Dodged            |    27 |    35 |    69 |   148 |   153 ||   432
Block: Buckler           |       |       |    16 |    58 |   105 ||   179
       Reflection        |       |       |       |       |     1 ||     1
       Tower shield      |       |       |       |       |    48 ||    48

Table legend: (Time is in decaauts)
 A = Elapsed time spent in this place.
 B = Non-inter-level travel time spent in this place.
 C = Inter-level travel time spent in this place.
 D = Time resting spent in this place.
 E = Time spent auto-exploring this place.
 F = Levels seen in this place.
 G = Mean time per level.
                   A        B        C        D        E       F      G
               +--------+--------+--------+--------+--------+-----+--------+
         Total |  22624 |  21806 |    818 |   5933 |  10244 |  20 | 1131.2 |
       Dungeon |  16189 |  15627 |    562 |   4871 |   7424 |  12 | 1349.1 |
          Lair |   5500 |   5244 |    256 |    890 |   2658 |   5 | 1100.0 |
         Abyss |    102 |    102 |      0 |      0 |     50 |   2 |   51.0 |
      Ice Cave |    832 |    832 |      0 |    172 |    111 |   1 |  832.0 |
               +--------+--------+--------+--------+--------+-----+--------+

Top non-repeatable levels by time:
    D:11: 2722 daAuts
     D:4: 2021 daAuts
     D:9: 2006 daAuts
     D:7: 1727 daAuts
     D:8: 1566 daAuts
     D:5: 1341 daAuts
  Lair:3: 1298 daAuts
  Lair:1: 1272 daAuts
     D:6: 1142 daAuts
  Lair:2: 1086 daAuts
     D:1: 979 daAuts
  Lair:4: 976 daAuts
     D:2: 936 daAuts
     D:3: 924 daAuts
  Lair:5: 865 daAuts
